 Dungeon Crawl Stone Soup version 0.25-a0-857-g60a0bcd8b5 (webtiles) character file.

Game seed: 16245471679937733023, levelgen mode: deterministic

1 Lavandula the Slasher (level 1, 0/11 HPs)
             Began as a Vine Stalker Chaos Knight on Apr 26, 2020.
             Was a Plaything of Xom.
             Slain by a rat (1 damage)
             ... on level 1 of the Dungeon.
             The game lasted 00:00:08 (22 turns).

Lavandula the Slasher (Vine Stalker Chaos Knight)     Turns: 22, Time: 00:00:08

Health: 0/11       AC:  5    Str: 14    XL:     1   Next: 20%
Magic:  0/2        EV: 11    Int: 12    God:    Xom [..*...]
Gold:   0          SH:  0    Dex: 13    Spells: 0/0 levels left

rFire    . . .     SeeInvis .   a - +0 falchion (chaos)
rCold    . . .     Gourm    .   (no shield)
rNeg     . . .     Faith    .   b - +2 leather armour
rPois    .         Spirit   +   (no helmet)
rElec    .         Reflect  .   (no cloak)
rCorr    .         Harm     .   (no gloves)
MR       .....                  (no boots)
Stlth    +.........             (no amulet)
HPRegen  0.03/turn              (no ring)
MPRegen  0.08/turn              (no ring)

@: brilliant
A: fangs 2, magic shield, antimagic bite, no potion heal 3, rot immunity
a: Renounce Religion


You were on level 1 of the Dungeon.
You worshipped Xom.
You were a toy of Xom.
You were not hungry.

You visited 1 branch of the dungeon, and saw 1 of its levels.

Inventory:

Hand Weapons
 a - a +0 falchion of chaos (weapon)
Armour
 b - a +2 leather armour (worn)
Comestibles
 c - a ration


   Skills:
 - Level 2.6 Fighting
 + Level 2.8 Long Blades
 - Level 1.5 Armour
 - Level 0.7 Dodging


You couldn't memorise any spells.
You didn't know any spells.
Your spell library was empty.

Dungeon Overview and Level Annotations

Branches:
Dungeon (1/15)

Altars:


Innate Abilities, Weirdness & Mutations

You have extremely sharp teeth.
When hurt, damage is shared between your health and your magic reserves.
Your bite disrupts and absorbs the magic of your enemies.
Potions cannot restore your health.
You are immune to rotting.


Message History

The leopard gecko is severely wounded.
The leopard gecko bites you.
You barely miss the leopard gecko. Your bite misses the leopard gecko.
The leopard gecko is severely wounded.
The leopard gecko closely misses you. The rat barely misses you.
The kobold closely misses you.
You hit the leopard gecko but do no damage.
Nothing appears to happen.
The leopard gecko is severely wounded.
The leopard gecko barely misses you.
You riposte.
You barely miss the leopard gecko.
The leopard gecko is severely wounded.
The rat bites you. The kobold hits you.
* * * LOW HITPOINT WARNING * * *
A shower of butterflies erupts from you!
The leopard gecko completely misses you.
You riposte.
You barely miss the leopard gecko.
The leopard gecko is severely wounded.
The rat bites you.
You die...

###+#.#### #..........
#.......... #..........
#......§≈≈≈ ####
#....>..≈# ...###
#.......≈# ..P..##
#.bbK...≈## ......#
#..@r...≈≈≈ <..[..#
#...l...?..
....#.########.bbbb.§≈≈≈
..P..................≈##
.....#######....###w.≈#
....## #.......# ..≈#
##### #..≈≈...# .≈≈≈
#..⌠≈..## .§.. #.≈≈...#


You could see a dart slug, a leopard gecko, a kobold and a rat.

Vanquished Creatures
  A bat (D:1)
1 creature vanquished.

Notes
Turn   | Place    | Note
-------+----------+-------------------------------------------
     0 | D:1      | Lavandula the Vine Stalker Chaos Knight began the quest for
                  | the Orb.
     0 | D:1      | Reached XP level 1. HP: 11/11 MP: 2/2
    12 | D:1      | XOM: potion effect (brilliance)
    22 | D:1      | XOM: butterfly on damage
    22 | D:1      | Slain by a rat

Levels and vault maps discovered:
D:1:      dpeg_arrival_orchard, layout_basic, corexii_leaking_fountain,
          kennysheep_boxes

Action                   || total
-------------------------++-------
Melee: Falchion          ||     5
Armor: Leather armour    ||     3
Dodge: Dodged            ||     7
       Rpst.: Falchion   ||     2

Table legend:
 A = Non-vault XP
 B = Vault XP
 C = Vault XP percentage of total XP
 D = Non-vault monster count
 E = Vault monster count
 F = Vault count percentage of total count
                 A         B        C        D         E       F
            +---------+---------+-------+---------+---------+-------
      Total |       2 |       0 |   0.0 |       1 |       0 |   0.0
            +---------+---------+-------+---------+---------+-------
        D:1 |       2 |       0 |   0.0 |       1 |       0 |   0.0
            +---------+---------+-------+---------+---------+-------
